 Dungeon Crawl Stone Soup version 0.19-a0-892-g8a19e52 (webtiles) character file.

16 Ajdolov the Charmwright (level 2, -1/24 HPs)
             Began as a Ghoul Skald on July 4, 2016.
             Killed from afar by a dart slug (3 damage)
             ... with a slug dart
             ... on level 1 of the Dungeon.
             The game lasted 00:01:56 (493 turns).

Ajdolov the Charmwright (Ghoul Skald)                Turns: 493, Time: 00:01:56

Health: -1/24      AC:  4    Str: 15    XL:     2   Next: 54%
Magic:  3/3        EV: 14    Int:  7    God:
Gold:   25         SH:  0    Dex:  8    Spells: 1 memorised, 3 levels left

rFire  . . .     SeeInvis .       - Unarmed
rCold  + . .     Gourm    .     a - +0 leather armour
rNeg   + + +     Faith    .     (no shield)
rPois  ∞         Spirit   .     (no helmet)
rElec  .         Dismiss  .     (no cloak)
rCorr  .         Reflect  .     f - +0 pair of gloves
SustAt .         Harm     .     (no boots)
MR     .....                    (no amulet)
Stlth  +.........               (no ring)
                                e - +3 ring of evasion

@: rotting, not resistant to hostile enchantments, very unstealthy
A: rotting body, claws 1, carnivore 3, cold resistance 1, negative energy
resistance 3, slow regeneration 1, torment resistance, unbreathing
a: no special abilities


You were on level 1 of the Dungeon.
You were not hungry.

You visited 1 branch of the dungeon, and saw 1 of its levels.

You collected 25 gold pieces.

Inventory:

Armour
 a - a +0 leather armour (worn)
 d - a cursed +0 leather armour
 f - a +0 pair of gloves (worn)
Jewellery
 e - a +3 ring of evasion (left hand)
Books
 b - a book of Battle

   Spells                             Type                      Level
   a - Infusion                       Charms                       1
   b - Shroud of Golubria             Charms/Translocation         2
   c - Song of Slaying                Charms                       2
   d - Spectral Weapon                Hexes/Charms                 3
   e - Regeneration                   Charms/Necromancy            3
Comestibles
 c - a meat ration


   Skills:
 - Level 2.1 Fighting
 - Level 0.8 Armour
 - Level 0.8 Dodging
 + Level 2.7 Unarmed Combat
 - Level 1.7 Spellcasting
 * Level 3.1 Charms


You had 3 spell levels left.
You knew the following spells:

 Your Spells              Type           Power        Failure   Level  Hunger
a - Infusion              Chrm           #...         14%         1    ##.....


Dungeon Overview and Level Annotations

Branches:
Dungeon (1/15)

Altars:


Innate Abilities, Weirdness & Mutations

Your body is rotting away.
You thrive on raw meat.
You are immune to poison.
You have sharp fingernails.
You are carnivorous and can eat meat at any time.
Your flesh is cold resistant. (rC+)
You are immune to negative energy. (rN+++)
You regenerate slowly when monsters are visible.
You are immune to unholy pain and torment.
You can survive without breathing.


Message History

Okay, then.
The bat barely misses you. The bat hits you but does no damage.
You closely miss the bat. The bat hits you but does no damage. x2
You closely miss the bat. The bat hits you.
* * * LOW HITPOINT WARNING * * *
You closely miss the bat. The bat misses you. The bat barely misses you.
You hit the bat.
The bat is moderately wounded.
The bat hits you but does no damage.
You hit the bat.
You kill the bat!
You hit the hobgoblin but do no damage. The hobgoblin barely misses you.
A dart slug comes into view.
The dart slug launches a dart at you. The slug dart misses you.
A kobold comes into view. It is wielding a whip.
The kobold shouts!
The dart slug launches a dart at you. The slug dart hits you!
You die...

## .. #.#####
K..... #.... ###
#.#.#...
#.##.#.#.#.###
#..w.@........
.......#.#.....
#.# #..#####g#
... #.##.. ...##
#g#### # . ......
....# #.##.. ..
#.##.# #...##
#K##.###..#
#.##.# #....#
#?##..... ##
##.##.#
#..#.###.#.... ..
##.##.#
#..#..##.##.###.#


You could see a gnoll, a dart slug, a hobgoblin and 2 kobolds.

Vanquished Creatures
  A dart slug (D:1)
  A giant gecko (D:1)
  A bat (D:1)
  2 goblins (D:1)
  A hobgoblin (D:1)
  3 kobolds (D:1)
  3 rats (D:1)
12 creatures vanquished.

Notes
Turn   | Place    | Note
-------+----------+-------------------------------------------
     0 | D:1      | Ajdolov the Ghoul Skald began the quest for the Orb.
     0 | D:1      | Reached XP level 1. HP: 17/17 MP: 2/2
    78 | D:1      | Reached XP level 2. HP: 1/24 MP: 3/3
   261 | D:1      | Reached skill level 3 in Charms
   493 | D:1      | Killed from afar by a dart slug

Vault maps used:
D:1:      minmay_arrival_jagged

Skill      XL: |  1  2 |
---------------+-------+-----
Charms         | 3 |  3.1
Fighting       | |  2.1
Armour         | |  0.8
Dodging        | |  0.8
Unarmed Combat | |  2.7
Spellcasting   | |  1.7

Action                   || total
-------------------------++-------
Melee: Unarmed           ||    71
 Cast: Infusion          ||     2
  Eat: Chunk             ||     4
Armor: Leather armour    ||    36
Dodge: Dodged            ||    68
